 Dungeon Crawl Stone Soup version 0.29-a0-330-g52719c12eb (webtiles) character file.

Game seed: 5789295468210100969

332 kae the Firebug (level 6, -9/48 HPs)
             Began as a Demigod Fire Elementalist on May 31, 2022.
             Killed from afar by Dowan (23 damage)
             ... with a shard of ice
             ... on level 5 of the Dungeon.
             The game lasted 00:02:21 (3714 turns).

kae the Firebug (Demigod Fire Elementalist)         Turns: 3714, Time: 00:02:21

Health: -9/48      AC:  3    Str:  9    XL:     6   Next: 5%
Magic:  1/12       EV: 12    Int: 25    God:
Gold:   116        SH:  0    Dex: 14    Spells: 7/10 levels left

rFire   . . .      SeeInvis .   (no weapon)
rCold   . . .      Faith    .   (no shield)
rNeg    + . .      Spirit   .   a - +1 robe
rPois   .          Reflect  .   (no helmet)
rElec   .          Harm     .   (no cloak)
rCorr   .          Rampage  .   (no gloves)
Will    .....                   (no boots)
Stlth   ++........              (no amulet)
HPRegen 0.16/turn               g - ring of positive energy
MPRegen 0.13/turn               (no ring)

@: mighty
A: high MP 1, forlorn, divine attributes
a: no special abilities


You were on level 5 of the Dungeon.
You visited 1 branch of the dungeon, and saw 5 of its levels.

You collected 116 gold pieces.

Inventory:

Armour
 a - a +1 robe (worn)
Jewellery
 g - a ring of positive energy (left hand)
Scrolls
 f - a scroll of blinking {unknown}
 h - a scroll of amnesia {unknown}
 i - a scroll of identify
Potions
 b - a potion of magic
 c - a potion of mutation
 d - a potion of might


   Skills:
 + Level 1.8 Fighting
 + Level 2.7 Dodging
 - Level 1.7 Stealth
 + Level 2.6 Spellcasting
 * Level 3.0 Conjurations
 * Level 4.2 Fire Magic


You had 7 spell levels left.
You knew the following spells:

 Your Spells              Type           Power      Damage    Failure   Level
a - Foxfire               Conj/Fire      84%        2x1d8     2%          1
b - Scorch                Fire           48%        2d7       2%          2

Your spell library contained the following spells:

 Spells                   Type           Power      Damage    Failure   Level
 Conjure Flame            Conj/Fire      21%        6-21      7%          3
 Sandblast                Erth           6%         2d5       11%         1
 Inner Flame              Hex/Fire       13%        N/A       13%         3
 Ensorcelled Hibernation  Hex/Ice        6%         N/A       16%         2
 Passwall                 Tmut/Erth      2%         N/A       16%         2
 Stone Arrow              Conj/Erth      20%        3d8       17%         3
 Flame Wave               Conj/Fire      21%        2d7       24%         4
 Call Canine Familiar     Summ           3%         N/A       32%         3
 Portal Projectile        Hex/Tloc       6%         N/A       32%         3
 Spider Form              Tmut/Pois      3%         N/A       32%         3
 Anguish                  Hex/Necr       1%         N/A       71%         4
 Leda's Liquefaction      Hex/Erth       1%         N/A       71%         4


Dungeon Overview and Level Annotations

Branches:
Dungeon (5/15)             Temple (0/1) D:5

Annotations:
D:4 2 transporters, Seraphu's ghost, amateur TeHu
D:5 Dowan


Innate Abilities, Weirdness & Mutations

You have an increased reservoir of magic. (+10% MP)
You shall have no god before yourself.
Your divine heritage dramatically boosts your attributes as you level up.


Message History

Dowan blinks!
The foxfire hits Dowan.
Dowan is moderately wounded.
The foxfire hits Dowan but does no damage.
Dowan is moderately wounded.
Dowan zaps a wand.
The puff of flame hits you!
Dowan zaps a wand.
The puff of flame misses you.
You climb downwards.
There is a stone staircase leading up here.
You miss Dowan.
Dowan is moderately wounded.
Dowan hits you with a +0 dagger.
* * * LOW HITPOINT WARNING * * *
It was a potion of might.
You feel very mighty all of a sudden.
Dowan shakes with grief.
Dowan hits you with a +0 dagger.
* * * LOW HITPOINT WARNING * * *
Dowan hits you with a +0 dagger.
* * * LOW HITPOINT WARNING * * *
It was a potion of heal wounds.
You feel much better.
Dowan zaps a wand.
The puff of flame misses you.
Okay, then.
Casting: Foxfire (safe; 2% risk of failure)
Confirm with . or Enter, or press ? or * to list all spells.
You conjure some foxfire!
Dowan hits you with a +0 dagger. Dowan closely misses you.
The foxfire hits Dowan.
Dowan is heavily wounded.
The foxfire hits Dowan.
Dowan is heavily wounded.
Dowan gestures at you while chanting. The shard of ice hits you!
* * * LOW HITPOINT WARNING * * *
Casting: Foxfire (safe; 2% risk of failure)
Confirm with . or Enter, or press ? or * to list all spells.
You conjure some foxfire!
Dowan casts a spell at you. The shard of ice hits you!!
You die...

## ..# ######..###
#....#.....
#.......#
#####...vv..#
#.......@...#
#.###...e...# #.#
#.# #.......#
.....##.# #.......#
#.....[<# #.......#
###########.>.......
###
#............##..
...####....>#......#
..
.#...######.#.######


You could see Dowan (fast, ally target).

Vanquished Creatures
  Duvessa (D:4)
  A scorpion (D:4)
  A howler monkey (D:2)
  Jessica (D:2)
  4 adders
  3 ufetubi (D:5)
  A worm (D:2)
  A dart slug (D:2)
  6 orcs
  6 bats
  3 endoplasms
  A giant cockroach (D:1)
  6 goblins
  6 hobgoblins
  A quokka (D:2)
  6 ball pythons
  3 frilled lizards
  3 kobolds
  An orc zombie (D:4)
  3 rats
58 creatures vanquished.

Vanquished Creatures (others)
  213 foxfires
213 creatures vanquished.

Grand Total: 271 creatures vanquished

Notes
Turn   | Place    | Note
-------+----------+-------------------------------------------
     0 | D:1      | kae the Demigod Fire Elementalist began the quest for the
                  | Orb.
     0 | D:1      | Reached XP level 1. HP: 14/14 MP: 5/5
    76 | D:1      | Reached skill level 1 in Conjurations
   367 | D:1      | Reached XP level 2. HP: 20/20 MP: 5/7
   976 | D:1      | Reached skill level 3 in Fire Magic
  1220 | D:1      | Learned a level 2 spell: Scorch
  1228 | D:1      | Reached XP level 3. HP: 20/27 MP: 3/8
  1693 | D:2      | Noticed Jessica
  1699 | D:2      | Killed Jessica
  1700 | D:2      | Reached skill level 1 in Fighting
  1700 | D:2      | Reached XP level 4. HP: 35/35 MP: 1/9
  2860 | D:3      | You fall into a shaft and drop 2 floors!
  2860 | D:5      | Entered Level 5 of the Dungeon
  2945 | D:5      | Reached XP level 5. HP: 20/40 MP: 2/11
  3291 | D:5      | Found a staircase to the Ecumenical Temple.
  3381 | D:4      | Noticed Duvessa
  3381 | D:4      | Noticed Dowan
  3452 | D:4      | Found a transporter.
  3484 | D:4      | Found a transporter.
  3488 | D:4      | Noticed Seraphu's ghost (amateur TeHu)
  3518 | D:4      | Reached skill level 4 in Fire Magic
  3698 | D:4      | Killed Duvessa
  3699 | D:4      | Reached XP level 6. HP: 25/48 MP: 2/12
  3714 | D:5      | Killed from afar by Dowan

Illustrated notes

Levels and vault maps discovered:
D:1:      dpeg_arrival_pond, layout_basic, serial_corexii_hall,
          chequers_hall_statues_wall_a, corexii_hall_statues_s,
          chequers_hall_statues_y, chequers_hall_statues_corner_a
D:2:      layout_loops_cross, basic_altar,
          hellmonk_ecumenical_altar_heavens_door, minmay_surrounded,
          uniq_jessica
D:3:      minmay_octagon_keep, layout_basic, nemelex_dance_club_becter
D:4:      layout_basic, nicolae_tso_besieged_by_evil,
          gammafunk_temple_overflow_statue, gammafunk_ghost_stat_death,
          uniq_blork_the_orc, uniq_natasha, uniq_pargi, uniq_duvessa
D:5:      layout_basic, minmay_temple_entry_sparse_star

Skill      XL: |  1  2  3  4  5 |
---------------+----------------+-----
Conjurations   | 1 2 3 |  3.0
Dodging        | 2 |  2.7
Spellcasting   | 2 |  2.6
Fire Magic     | 3 4 |  4.2
Fighting       | 1 |  1.8
Stealth        | |  1.7

Action                   |  1- 3 |  4- 6 || total
-------------------------+-------+-------++-------
Melee: Unarmed           |     9 |    17 ||    26
 Cast: Foxfire           |    59 |    77 ||   136
       Scorch            |     7 |    12 ||    19
  Use: Scroll            |     4 |     2 ||     6
       Potion            |       |     2 ||     2
Armor: Robe              |    12 |     5 ||    17
Dodge: Dodged            |    55 |    48 ||   103

Table legend: (Time is in decaauts)
 A = Elapsed time spent in this place.
 B = Non-inter-level travel time spent in this place.
 C = Inter-level travel time spent in this place.
 D = Time resting spent in this place.
 E = Time spent auto-exploring this place.
 F = Levels seen in this place.
 G = Mean time per level.
                   A        B        C        D        E       F      G
               +--------+--------+--------+--------+--------+-----+--------+
         Total |   3716 |   3647 |     69 |    215 |   2874 |   5 |  743.2 |
       Dungeon |   3716 |   3647 |     69 |    215 |   2874 |   5 |  743.2 |
               +--------+--------+--------+--------+--------+-----+--------+

Top non-repeatable levels by time:
     D:1: 1427 daAuts
     D:2: 1325 daAuts
     D:5: 539 daAuts
     D:4: 315 daAuts
     D:3: 108 daAuts
